 Dungeon Crawl Stone Soup version 0.27.1-34-g3ba077fa99 (webtiles) character file.

Game seed: 13855586150609378030

104073 Grimler the Devastator (level 15, -6/127 HPs)
             Began as a Demigod Conjurer on Jan 17, 2022.
             Mangled by Donald (47 damage)
             ... on level 1 of the Spider Nest.
             The game lasted 01:32:30 (37363 turns).

Grimler the Devastator (Demigod Conjurer)          Turns: 37363, Time: 01:32:31

Health: -6/127     AC: 15    Str:  8    XL:     15   Next: 43%
Magic:  12/34      EV: 15    Int: 46    God:
Gold:   1847       SH: 10    Dex: 12    Spells: 26/35 levels left

rFire    . . .     SeeInvis .   B - +10 spear of Integrity {vorpal, rN+}
rCold    . . .     Faith    .   W - +0 buckler
rNeg     + . .     Spirit   .   X - +4 troll leather armour
rPois    +         Reflect  +   i - +0 helmet
rElec    .         Harm     .   (no cloak)
rCorr    .         Rampage  .   h - +1 pair of gloves
Will     +....                  j - +0 pair of boots
Stlth    ++........             U - amulet of reflection
HPRegen  1.31/turn              O - +6 ring of intelligence
MPRegen  0.24/turn              z - ring of poison resistance

@: no status effects
A: high mp 1, forlorn
a: no special abilities


You were on level 1 of the Spider Nest.
You visited 5 branches of the dungeon, and saw 25 of its levels.

You collected 2403 gold pieces.
You spent 556 gold pieces at shops.

Inventory:

Hand Weapons
 B - the +10 spear of Integrity (weapon) {vorpal, rN+}
   (You found it on level 8 of the Dungeon)

   It inflicts extra damage upon your enemies.
   rN:        It protects you from negative energy.
Armour
 h - a +1 pair of gloves (worn)
 i - a +0 helmet (worn)
 j - a +0 pair of boots (worn)
 W - a +0 buckler (worn)
 X - a +4 troll leather armour (worn)
Magical Staves
 D - a staff of fire
Jewellery
 a - a ring of protection from cold
 l - a ring of ice
 m - a ring of willpower
 n - a ring of protection from fire
 o - an amulet of magic regeneration
 q - a ring of protection from fire
 y - the ring of Oceig {Wiz Will- Str+8 Stlth+}
   (You found it on level 6 of the Dungeon)

   [ring of wizardry]

   It improves your spell success rate.
   Str:       It affects your strength (+8).
   Will:      It decreases your willpower.
   Stlth:     It makes you more stealthy.
 z - a ring of poison resistance (right hand)
 O - a +6 ring of intelligence (left hand)
 S - a +6 ring of dexterity
 U - an amulet of reflection (around neck)
Wands
 d - a wand of flame (56)
 p - a wand of iceblast (42)
 w - a wand of paralysis (15)
 G - a wand of digging (9)
 H - a wand of acid (6)
 T - a wand of charming (12)
Scrolls
 f - 4 scrolls of holy word
 k - 5 scrolls of fog
 t - 8 scrolls of magic mapping
 A - 2 scrolls of silence
 C - 2 scrolls of enchant armour
 F - 6 scrolls of teleportation
 I - 13 scrolls of identify
 M - 3 scrolls of amnesia
 P - 3 scrolls of enchant weapon
Potions
 b - 2 potions of resistance
 c - a potion of berserk rage
 e - 10 potions of curing
 g - 6 potions of flight
 r - 2 potions of magic
 s - a potion of invisibility
 u - 3 potions of brilliance
 v - 4 potions of attraction
 x - a potion of might
 E - a potion of ambrosia
 J - 2 potions of haste
 K - a potion of cancellation


   Skills:
 - Level 10.3 Fighting
 - Level 10.0 Armour
 - Level 10.1 Dodging
 - Level 1.7 Stealth
 - Level 4.0 Shields
 - Level 10.5 Spellcasting
 + Level 15.3 Conjurations
 - Level 6.2 Translocations


You had 26 spell levels left.
You knew the following spells:

 Your Spells              Type           Power      Damage    Failure   Level
a - Magic Dart            Conj           100%       1d8       0%          1
b - Searing Ray           Conj           100%       3d7       0%          2
c - Iskenderun's Mystic   Conj/Tloc      89%        2d17      1%          4
d - Blink                 Tloc           N/A        N/A       1%          2

Your spell library contained the following spells:

 Spells                   Type           Power      Damage    Failure   Level
 Beastly Appendage        Tmut           48%        N/A       1%          1
 Summon Small Mammal      Summ           96%        N/A       1%          1
 Dazzling Flash           Conj/Hex       100%       N/A       1%          3
 Lesser Beckoning         Tloc           34%        N/A       1%          3
 Fulminant Prism          Conj/Hex       38%        3d18      1%          4
 Hailstorm                Conj/Ice       76%        3d16      1%          4
 Passage of Golubria      Tloc           N/A        N/A       1%          4
 Corpse Rot               Necr/Air       N/A        N/A       2%          2
 Manifold Assault         Tloc           69%        N/A       3%          5
 Call Canine Familiar     Summ           24%        N/A       4%          3
 Spider Form              Tmut/Pois      12%        N/A       4%          3
 Summon Guardian Golem    Hex/Summ       24%        N/A       4%          3
 Tukima's Dance           Hex            24%        N/A       4%          3
 Animate Dead             Necr           12%        N/A       14%         4
 Dispel Undead            Necr           24%        3d12      14%         4
 Ice Form                 Ice/Tmut       24%        N/A       14%         4
 Petrify                  Tmut/Erth      24%        N/A       14%         4
 Alistair's Intoxication  Tmut/Pois      16%        N/A       38%         5
 Borgnjor's Vile Clutch   Necr/Erth      12%        N/A       38%         5
 Metabolic Englaciation   Hex/Ice        12%        N/A       38%         5
 Yara's Violent Unravell  Hex/Tmut       12%        3d7       38%         5
 Death Channel            Necr           12%        N/A       92%         6
 Eringya's Noxious Bog    Tmut/Pois      12%        N/A       92%         6
 Simulacrum               Ice/Necr       12%        N/A       92%         6
 Statue Form              Tmut/Erth      16%        N/A       92%         6


Dungeon Overview and Level Annotations

Branches:
Dungeon (15/15)            Temple (0/1) D:4            Lair (6/6) D:10
 Shoals (0/4) Lair:3       Spider (1/4) Lair:4        Slime (0/5) Lair:5
    Orc (2/2) D:12            Elf (0/3) Orc:2        Vaults (0/5) D:13
 Depths (1/5) D:15

Shops:
D:9 *   D:10 [[:?   Orc:2 ((!*   Depths:1 *!

Annotations:
Lair:3 2 transporters, exclusion: 2 ice statues, Deesahac's ghost, journeyman BaFi; multipassport's ghost, journeyman DrBr
Spider:1 Donald


Innate Abilities, Weirdness & Mutations

Your attributes grow dramatically as you level up.
You have an increased reservoir of magic. (+10% MP)
You shall have no god before yourself.


Message History

Confirm with . or Enter, or press ? or * to list all spells.
You erupt in a blast of force!
The mystic blast hits the orb spider!
You kill the orb spider!
Unknown command.
You start resting.
A jumping spider is nearby!
You puncture the jumping spider!
The jumping spider is almost dead.
The jumping spider misses you. x2
Donald the Adventurer comes into view.
He is wielding a +2 eveningstar of venom, wearing a +2 chain mail of cold resistance and wearing a +0 kite shield of reflection.
You closely miss the jumping spider.
The jumping spider is almost dead.
The jumping spider pounces on you. You block the jumping spider's attack.
Donald casts a spell.
Donald seems to grow stronger.
The jumping spider leaps!
Reach: B) +10 spear of Integrity {vorpal, rN+}
Press: ? - help, Dir - move target, f - Donald
Aim: Donald, wielding a +2 eveningstar of venom, wearing a +2 chain mail of cold resistance and wearing a +0 kite shield of reflection (strong, about 20% to evade the +10 spear of Integrity)
Your weapon can't reach that far!
Okay, then.
Unknown command.
Donald says, "Don't you get lonely without a god?"
Donald mumbles some strange words.
Donald seems to speed up.
Aiming: Dig
Press: ? - help, Shift-Dir - straight line A rock wall.
The rock shatters into small pieces.
The jumping spider leaps!
Donald closely misses you. The jumping spider closely misses you.
The jumping spider bites you but does no damage.
You block Donald's attack.
Donald hits you with a +2 eveningstar of venom!
The jumping spider leaps! x2
Donald hits you with a +2 eveningstar of venom!!
Donald hits you with a +2 eveningstar of venom!!!
* * * LOW HITPOINT WARNING * * *
Unknown command.
You block Donald's attack.
Donald hits you with a +2 eveningstar of venom!!!
You die...

... .# .. ... ##.# #####
#.# ...# #...####.#
#..###
#.......########..^.## ##
.....................#...
..........#####@......#
..........# ##..@.....#
.........####.#..<....#
........####.##.......#
.†.......##.###........#
.......##..## #........#
.†.†..###..s# ##......##
.....###......^...##.##
....###.......##### ##
..####.........#


You could see Donald (fast, strong).

Vanquished Creatures
  Jorgrun (D:12)
  2 stone giants (Depths:1)
  Nessos (D:13)
  3 ettins
  A fire dragon (Lair:6)
  7 hydras
  2 boulder beetles
  2 catoblepae
  4 ogre magi (Orc:2)
  2 centaur warriors
  An alligator (shapeshifter) (D:8)
  A deep troll earth mage (D:15)
  21 two-headed ogres
  2 tengu warriors (D:15)
  Urug (D:13)
  A fire crab (Lair:6)
  3 deep trolls
  3 skeletal warriors (D:15)
  A swamp dragon (Lair:6)
  2 wizards (D:15)
  Pikel (D:5)
  5 deep elf pyromancers
  6 cyclopes
  2 orc knights (Orc:1)
  2 wolf spiders
  An orb spider (Spider:1)
  21 ugly things
  An oklob plant (D:11)
  4 manticores
  A guardian serpent (Lair:6)
  7 black mambas
  2 gargoyles
  A torpor snail (Lair:5)
  12 elephants
  13 cane toads
  A yaktaur (D:15)
  2 kobold demonologists (D:9)
  6 rime drakes
  6 komodo dragons
  Psyche (D:8)
  2 efreet
  3 trolls
  A hornet (shapeshifter) (D:13)
  2 jumping spiders (Spider:1)
  A polar bear (shapeshifter) (D:15)
  7 hornets
  2 dream sheep (Lair:5)
  6 slime creatures
  A raiju (shapeshifter) (D:15)
  Grinder (D:5)
  3 redbacks
  3 tarantellas (Spider:1)
  A shadow (D:10)
  6 wraiths
  2 vampires
  16 humans (D:13)
  4 fire bats (D:14)
  9 wyverns
  18 yaks
  Grum (D:8)
  6 basilisks
  2 vampire mosquitoes (D:13)
  3 wargs (Orc:1)
  5 acid dragons
  A hell hound (D:14)
  21 orc warriors
  18 water moccasins
  2 swamp drakes (Lair:6)
  A sky beast (D:7)
  3 black bears
  2 ice beasts
  29 ogres
  5 boggarts (D:14)
  A necrophage (D:5)
  13 wolves
  10 centaurs
  2 lemures (D:5)
  4 kobold brigands
  14 bullfrogs
  A gnoll sergeant (D:11)
  3 scorpions
  A wyvern zombie (D:8)
  A water moccasin skeleton (D:7)
  An oklob sapling (D:11)
  5 wights (D:9)
  12 howler monkeys
  An electric eel (D:10)
  A crimson imp (D:10)
  2 lava snakes (D:14)
  2 bullfrog zombies
  8 hounds
  14 orc priests
  A centaur skeleton (D:6)
  A bullfrog skeleton (D:7)
  6 iguanas
  Ijyb (D:5)
  Natasha (twice) (D:3)
  17 orc wizards
  A killer bee zombie (D:8)
  2 hound skeletons
  A howler monkey zombie (D:11)
  Robin (D:2)
  20 gnolls
  15 adders
  A white imp (D:8)
  2 worms (D:2)
  3 dart slugs
  87 orcs
  12 ball pythons
  6 endoplasms
  6 giant cockroaches
  33 goblins
  13 hobgoblins
  13 jackals
  22 kobolds
  2 quokkas
  8 bats
  5 frilled lizards
  6 rats
  3 fire vortices (D:14)
729 creatures vanquished.

Vanquished Creatures (others)
  An orc (D:8)
  37 fungi
  92 plants
130 creatures vanquished.

Grand Total: 859 creatures vanquished

Notes
Turn   | Place    | Note
-------+----------+-------------------------------------------
     0 | D:1      | Grimler the Demigod Conjurer began the quest for the Orb.
     0 | D:1      | Reached XP level 1. HP: 14/14 MP: 5/5
   224 | D:1      | Reached skill level 4 in Conjurations
   329 | D:1      | Reached XP level 2. HP: 20/20 MP: 5/7
   371 | D:1      | Learned a level 2 spell: Searing Ray
  1551 | D:2      | Reached XP level 3. HP: 26/26 MP: 4/8
  1554 | D:2      | Noticed Robin
  1981 | D:2      | Killed Robin
  1982 | D:2      | Reached skill level 5 in Conjurations
  2268 | D:2      | Reached XP level 4. HP: 33/33 MP: 2/9
  2897 | D:3      | Noticed Natasha
  2901 | D:3      | Killed Natasha
  3327 | D:3      | Reached skill level 6 in Conjurations
  3433 | D:3      | Reached XP level 5. HP: 38/38 MP: 8/10
  3987 | D:3      | Noticed Natasha
  3990 | D:3      | Killed Natasha
  4412 | D:4      | Learned a level 4 spell: Iskenderun's Mystic Blast
  4487 | D:4      | Found a staircase to the Ecumenical Temple.
  4523 | D:4      | Reached XP level 6. HP: 45/45 MP: 5/13
  4744 | D:4      | Reached skill level 7 in Conjurations
  4924 | D:4      | Reached skill level 1 in Translocations
  5077 | D:4      | Reached XP level 7. HP: 46/50 MP: 8/14
  5464 | D:5      | Entered Level 5 of the Dungeon
  5904 | D:5      | Noticed Pikel
  5921 | D:5      | Killed Pikel
  5922 | D:5      | Reached XP level 8. HP: 37/57 MP: 2/15
  6470 | D:5      | Reached skill level 8 in Conjurations
  6621 | D:5      | Noticed Ijyb
  6622 | D:5      | Paralysed by Ijyb for 4 turns
  6630 | D:5      | Killed Ijyb
  6717 | D:5      | Noticed Grinder
  6724 | D:5      | Killed Grinder
  7406 | D:6      | Identified the ring of Oceig {Wiz Will- Str+8 Stlth+}
  7416 | D:6      | Reached skill level 5 in Spellcasting
  7800 | D:6      | Reached XP level 9. HP: 62/62 MP: 6/20
  8467 | D:7      | Reached skill level 9 in Conjurations
  8678 | D:7      | You fall into a shaft and drop 1 floor!
  8819 | D:8      | Noticed Grum
  8823 | D:8      | Killed Grum
  8831 | D:8      | Reached skill level 10 in Conjurations
  9468 | D:8      | Noticed Psyche
  9475 | D:8      | Killed Psyche
  9783 | D:7      | Reached skill level 11 in Conjurations
 10312 | D:8      | Reached XP level 10. HP: 47/69 MP: 12/21
 10868 | D:8      | Noticed a cyclops
 10889 | D:8      | Killed a cyclops
 11124 | D:8      | Noticed a cyclops
 11129 | D:8      | Noticed a manticore
 11697 | D:8      | Killed a cyclops
 11698 | D:8      | Reached skill level 12 in Conjurations
 11760 | D:8      | Noticed a cyclops
 11769 | D:8      | Killed a cyclops
 11959 | D:8      | Killed a manticore
 11960 | D:8      | Noticed a manticore
 11969 | D:8      | Killed a manticore
 12067 | D:8      | Noticed an alligator
 12078 | D:8      | Killed an alligator
 12079 | D:8      | Reached skill level 5 in Dodging
 12245 | D:8      | Identified the +10 spear of Integrity {vorpal, rN+}
 12593 | D:9      | Found Akkoloam's General Store.
 13048 | D:9      | You fall into a shaft and drop 3 floors!
 13048 | D:12     | Noticed a cyan ugly thing
 13050 | D:12     | Noticed a deep elf pyromancer
 13055 | D:12     | Killed a deep elf pyromancer
 13066 | D:12     | Noticed a two-headed ogre
 13066 | D:12     | HP: 2/69 [cyan ugly thing (17)]
 13069 | D:12     | Killed a cyan ugly thing
 13075 | D:12     | Killed a two-headed ogre
 13076 | D:12     | Reached XP level 11. HP: 4/74 MP: 11/22
 13414 | D:12     | Found a staircase to the Orcish Mines.
 13437 | D:12     | Found a gate leading to a gauntlet.
 13491 | D:10     | Entered Level 10 of the Dungeon
 13491 | D:10     | Found Jewitrun's Magic Scroll Boutique.
 14169 | D:10     | Found Lesobbaf's Book Shop.
 14250 | D:10     | Noticed a soul eater
 14299 | D:10     | Noticed a sun demon
 14648 | D:10     | Bought a book of Spatial Translocations for 442 gold pieces
 14651 | D:10     | Learned a level 2 spell: Blink
 14673 | D:10     | Found a staircase to the Lair.
 14747 | D:10     | Identified the +8 dagger "Tykorac" {vorpal, rC- rN+ Int+2}
 14808 | D:10     | Noticed a two-headed ogre
 14818 | D:10     | Killed a two-headed ogre
 14819 | D:10     | Reached skill level 10 in Dodging
 15139 | D:10     | Found Hilav's Antique Armour Shoppe.
 15249 | D:10     | Found Ciphal's Armour Boutique.
 15456 | Lair:1   | Entered Level 1 of the Lair of Beasts
 16211 | Lair:1   | Noticed an eight-headed hydra
 16241 | Lair:1   | Killed an eight-headed hydra
 16466 | D:10     | Bought a runed robe for 114 gold pieces
 17204 | Lair:2   | You fall into a shaft and drop 1 floor!
 17259 | Lair:3   | Found a transporter.
 17419 | Lair:2   | Noticed a catoblepas
 17808 | Lair:2   | Reached XP level 12. HP: 71/81 MP: 5/28
 17812 | Lair:2   | Killed a catoblepas
 18017 | Lair:2   | Noticed an eight-headed hydra
 18027 | Lair:2   | Killed an eight-headed hydra
 19058 | Lair:3   | Noticed multipassport's ghost (journeyman DrBr)
 19065 | Lair:3   | Noticed a catoblepas
 19068 | Lair:3   | Noticed Deesahac's ghost (journeyman BaFi)
 19076 | Lair:3   | Found a transporter.
 19248 | Lair:3   | Found a staircase to the Shoals.
 20092 | Lair:4   | Reached skill level 10 in Spellcasting
 20215 | Lair:4   | Noticed a six-headed hydra
 20231 | Lair:4   | Killed a six-headed hydra
 20360 | Lair:4   | Noticed a five-headed hydra
 20366 | Lair:4   | Killed a five-headed hydra
 20367 | Lair:4   | Reached skill level 1 in Fighting
 20412 | Lair:4   | Noticed a five-headed hydra
 20578 | Lair:4   | Noticed a six-headed hydra
 20586 | Lair:4   | Killed a six-headed hydra
 20669 | Lair:4   | Killed a five-headed hydra
 21051 | Lair:4   | Found a hole to the Spider Nest.
 21430 | Lair:5   | Reached skill level 5 in Fighting
 21593 | Lair:5   | Found a staircase to the Slime Pits.
 22439 | Lair:6   | Entered Level 6 of the Lair of Beasts
 22590 | Lair:6   | Noticed a boulder beetle
 22610 | Lair:6   | Killed a boulder beetle
 22825 | Lair:6   | Reached XP level 13. HP: 96/104 MP: 23/32
 24742 | Lair:6   | Reached skill level 10 in Fighting
 25484 | D:12     | Noticed Jorgrun
 25743 | D:11     | Reached skill level 1 in Shields
 27531 | D:11     | Got the Grimoire of Nature
 27636 | D:12     | Killed Jorgrun
 28269 | Orc:1    | Entered Level 1 of the Orcish Mines
 28482 | Orc:1    | You fall into a shaft and drop 1 floor!
 28482 | Orc:2    | Entered Level 2 of the Orcish Mines
 28796 | Orc:2    | Found a staircase to the Elven Halls.
 29372 | Orc:2    | Reached skill level 13 in Conjurations
 29372 | Orc:2    | Reached XP level 14. HP: 122/122 MP: 24/33
 29768 | Orc:2    | Reached skill level 14 in Conjurations
 30182 | Orc:2    | Found Deleid's Weapon Boutique.
 30182 | Orc:2    | Found Wiuphecu's Assorted Antiques.
 30185 | Orc:2    | Paralysed by an ogre mage for 3 turns
 30298 | Orc:2    | Found Guvodiess's Antique Weapon Shoppe.
 30298 | Orc:2    | Found Papakkoose's Distillery.
 31136 | D:13     | Noticed Nessos
 31136 | D:13     | Noticed Urug
 31136 | D:13     | Found a gate to the Vaults.
 31414 | D:13     | Reached skill level 15 in Conjurations
 31522 | D:13     | Killed Urug
 31523 | D:13     | Reached skill level 1 in Armour
 31734 | D:13     | Killed Nessos
 32958 | D:14     | Reached skill level 5 in Armour
 33581 | D:14     | Identified the +10 scale mail of Ofry {Will+}
 34116 | D:15     | Entered Level 15 of the Dungeon
 34732 | D:15     | Reached XP level 15. HP: 119/127 MP: 17/34
 35477 | D:15     | Found a staircase to the Depths.
 36103 | Depths:1 | Entered Level 1 of the Depths
 36378 | Depths:1 | Found Wodoblexu's Distillery.
 36378 | Depths:1 | Found Boliril's Assorted Antiques.
 36847 | Depths:1 | Reached skill level 10 in Armour
 37291 | Spider:1 | Entered Level 1 of the Spider Nest
 37348 | Spider:1 | Noticed Donald
 37363 | Spider:1 | Mangled by Donald

Illustrated notes

Levels and vault maps discovered:
D:1:      dpeg_arrival_rhombus, layout_basic, roderic_nine_men_s_morris,
          minmay_pentomino_p4
D:2:      minmay_door_path, layout_rooms, chequers_ecumenical_altar_lobes,
          uniq_robin
D:3:      minmay_diamond_boxcup, layout_basic, uniq_natasha
D:4:      layout_gridville, minmay_temple_entry_ruins
D:5:      corexii_shantytown, layout_loops_ring, uniq_pikel, uniq_ijyb,
          uniq_grinder
D:6:      layout_cave_pools, nemelex_dance_club_becter, serial_column_ruins,
          column_ruins_hut, column_ruins_open_small, column_ruins_open_tiny,
          column_ruins_open_small, column_ruins_columns_straight,
          minmay_misc_feat_iff, fountainhead
D:7:      layout_gridville
D:8:      minmay_blocky_corners, layout_basic, mainiacjoe_overflow_swirl,
          special_room [special_room_orc], uniq_psyche, uniq_grum
D:9:      layout_stronghold, mainiacjoe_overflow_concentric_impassable,
          serial_shops, nicolae_stop_n_shop_1
D:10:     layout_long_grid, grunt_temple_overflow_lords_of_destruction,
          fedhas_altar_2, lair_entry_dummy, serial_shops, shop, shop,
          nicolae_shop_waterfront, nicolae_shop_waterfront, nrook_mini_vaults
D:11:     layout_stronghold, introduction_to_nature_1
D:12:     layout_cross, erik_orc_3, gauntlet_entry_generic, uniq_jorgrun
D:13:     layout_roguey, david_vaults_3, minmay_misc_feat_roman
D:14:     layout_basic, hangedman_incinerator
D:15:     hangedman_depths_entry_civil_slaughter, layout_loops_corners,
          minmay_misc_feat_chi
Lair:1:   layout_gridlike
Lair:2:   layout_chaotic_city, serial_bayou_shore_b
Lair:3:   layout_gridlike, minmay_shoals_entry_centaurs, basic_altar,
          nzn_ghost_randoct, serial_bayou_shore_b
Lair:4:   layout_roguey, spider_nest_entry_web_field, grunt_megastairs_4
Lair:5:   layout_cave_pods, slime_altar_1, infiniplex_staircase_pool_2
Lair:6:   hangedman_lair_tendril_chambers, layout_hall_layers,
          guppyfry_lair_end_dragon
Spider:1: layout_chambers, hangedman_spider_tarantella_strand, uniq_donald
Orc:1:    layout_caves
Orc:2:    st_orc_ogre_mass, layout_diamond_mine
Depths:1: layout_gridlike, hangedman_abyss_entry_splay, hellmouth_2,
          serial_bayou_pond_e, nicolae_ru_sacrificial_ziggurat,
          minmay_shoptagon, uniq_nikola, uniq_asterion

Skill      XL: |  1  2  3  4  5  6  7  8  9 10 11 12 13 14 15 |
---------------+----------------------------------------------+-----
Conjurations   | 4 5 6 7 8 11 12 13 15 | 15.3
Spellcasting   | 3 5 8 10 | 10.5
Translocations | 2 6 |  6.2
Dodging        | 8 10 | 10.1
Fighting       | 6 10 | 10.3
Shields        | 4 |  4.0
Armour         | 6 10 | 10.0
Stealth        | |  1.7

Action                   |  1- 3 |  4- 6 |  7- 9 | 10-12 | 13-15 || total
-------------------------+-------+-------+-------+-------+-------++-------
Melee: Dagger            |    27 |    59 |   212 |    51 |       ||   349
       Spear             |       |       |       |   104 |   288 ||   392
 Cast: Magic Dart        |    56 |    86 |    53 |    16 |    51 ||   262
       Searing Ray       |    11 |    11 |    43 |    87 |   143 ||   295
       Iskenderun's Myst |       |       |     6 |   112 |   238 ||   356
Evoke: Wand              |       |       |     4 |    11 |    26 ||    41
  Use: Scroll            |     5 |     6 |    10 |     8 |     9 ||    38
       Potion            |       |       |       |     3 |     4 ||     7
 Stab: Sleeping          |     2 |     5 |     3 |     1 |     1 ||    12
Armor: Robe              |    16 |    19 |    86 |    60 |    24 ||   205
       Troll leather arm |       |       |       |       |    96 ||    96
Dodge: Dodged            |    29 |    40 |   137 |   249 |   530 ||   985
Block: Buckler           |       |       |       |       |   119 ||   119
